Map: [ESL] Curious Minds

Players

Reynor

  • Race: Zerg Zerg

Serral - Winner!

  • Race: Zerg Zerg

Event: IEM Katowice 2022

VOD

https://youtu.be/Tr5DBXGRAI0

Description

Time

  • Played on: Feb. 27, 2022, 8:05 a.m.
  • Length: 21:07

All games in this series

Show
View Real Time Build Order
Export as new Build Order

Reynor Zerg 

Build Orders: Hatch First 

Get SALT Encoding   

  12  0:00  Drone  
  13  0:12  Overlord  
  13  0:16  Drone  
  14  0:30  Drone x2  
  16  0:47  Hatchery  
  15  0:50  Drone  
  15  0:54  Drone  
  17  0:57  Drone  
  18  1:08  Extractor  
  17  1:13  Spawning Pool  
  17  1:15  Drone  
  17  1:18  Drone  
  18  1:27  Drone  
  19  1:38  Drone  
  20  1:48  Drone  
  21  1:59  Queen x2  
  21  2:00  Overlord, Zergling x2  
  26  2:09  Metabolic Boost  
  26  2:11  Drone x2  
  28  2:20  Drone  
  28  2:21  Drone  
  30  2:33  Hatchery  
  30  2:35  Drone  
  30  2:37  Drone  
  30  2:43  Baneling Nest  
  30  2:46  Drone  
  30  2:48  Drone  
  32  2:53  Overlord  
  32  2:55  Drone  
  33  3:03  Drone  
  33  3:04  Zergling x2  
  35  3:09  Zergling x2  
  35  3:12  Overlord, Zergling x2  
  37  3:14  Drone x2  
  37  3:15  Drone  
  40  3:20  Zergling x2  
  40  3:21  Evolution Chamber  
  40  3:26  Queen  
  42  3:31  Drone x2  
  42  3:32  Drone  
  45  3:39  Overlord  
  45  3:41  Drone x2  
  47  3:43  Drone  
  47  3:46  Drone x2  
  50  3:49  Baneling  
  50  3:51  Zerg Missile Weapons Level 1  
  50  3:58  Drone x2  
  50  3:59  Drone  
  53  4:02  Overlord  
  53  4:06  Roach Warren  
  53  4:08  Drone x2  
  54  4:14  Drone x3  
  54  4:15  Drone  
  58  4:18  Overlord  
  58  4:23  Extractor  
  58  4:24  Extractor  
  56  4:28  Lair  
  56  4:29  Overlord  
  56  4:35  Drone x2  
  56  4:36  Drone x4  
  62  4:41  Overlord  
  62  4:50  Drone x6  
  62  4:51  Drone x2  
  69  4:53  Overlord  
  69  4:54  Extractor  
  69  4:55  Drone x2  
  69  4:58  Baneling  
  70  5:00  Drone x2  
  70  5:05  Drone x2  
  74  5:09  Extractor x2  
  74  5:12  Drone  
  73  5:14  Baneling x2  
  73  5:15  Roach x3  
  73  5:17  Roach x2  
  83  5:22  Overlord  
  83  5:26  Drone x3  
  83  5:27  Glial Reconstitution  
  86  5:28  Overlord  
  86  5:34  Roach x5  
  95  5:39  Overlord  
  95  5:48  Roach x2  
  99  5:50  Drone  
  98  5:58  Roach x6  
  98  5:59  Roach  
  98  6:00  Roach  
  98  6:03  Overlord  
  98  6:04  Hatchery  
  113  6:06  Zerg Missile Weapons Level 2  
  113  6:09  Roach x2  
  117  6:16  Overlord  
  117  6:20  Roach x2  
  117  6:21  Drone  
  117  6:23  Ravager x2  
  117  6:25  Roach x3  
  130  6:26  Spine Crawler  
  130  6:30  Overlord  
  129  6:34  Overlord  
  129  6:35  Roach x2  
  129  6:36  Roach x2  
  136  6:41  Drone  
  136  6:43  Overseer  
  137  6:47  Overlord  
  137  6:48  Queen  
  137  6:49  Queen  
  141  6:58  Overlord, Roach  
  141  6:59  Roach x4  
  141  7:01  Overlord  
  151  7:05  Spire  
  151  7:06  Pneumatized Carapace  
  150  7:18  Drone  
  150  7:19  Drone x3  
  150  7:20  Roach x5  
  164  7:27  Roach x3  
  164  7:28  Roach  
  164  7:29  Spore Crawler  
  171  7:32  Overlord  
  171  7:39  Overlord  
  171  7:41  Roach x2  
  171  7:43  Overlord  
  175  7:46  Extractor  
  174  7:53  Overlord  
  174  8:01  Overlord  
  174  8:16  Mutalisk x11  
  174  8:18  Roach  
  198  8:23  Roach  
  198  8:24  Overseer x2  
  198  8:26  Overseer  
  198  8:38  Roach x7  
  198  8:39  Roach x2  
  186  8:42  Roach x2  
  186  8:46  Roach x3  
  186  8:47  Queen  
  174  9:01  Roach x11  
  192  9:14  Roach x5  
  197  9:19  Zerg Ground Armor Level 1  
  197  9:20  Drone x3  
  198  9:35  Roach  
  185  9:47  Roach x7  
  185  9:50  Roach x2  
  185  9:51  Overlord  
  187  9:54  Roach x4  
  173  10:01  Ravager x5  
  173  10:03  Queen, Roach x3  
  173  10:06  Overlord  
  186  10:10  Extractor  
  184  10:16  Hatchery  
  184  10:20  Ravager x2  
  185  10:26  Spore Crawler  
  185  10:27  Roach x4  
  170  10:54  Roach x10  
  175  11:01  Roach  
  175  11:03  Ravager x2  
  179  11:05  Overlord  
  179  11:07  Roach x4  
  183  11:13  Overseer  
  183  11:17  Roach x3  
  181  11:26  Roach  
  181  11:30  Roach x4  
  181  11:31  Roach x4  
  193  11:50  Roach x5  
  196  11:55  Overlord  
  196  11:58  Overlord  
  196  12:01  Zerg Ground Armor Level 2  
  194  12:04  Overlord  
  194  12:12  Infestation Pit  
  191  12:22  Roach x9  
  195  12:23  Roach x2  
  191  12:30  Drone x3  
  191  12:31  Drone x2  
  191  12:33  Drone  
  191  12:36  Ravager x3  
  200  12:49  Hive  
  200  13:00  Overlord  
  184  13:16  Roach x16  
  176  13:20  Overseer  
  176  13:22  Roach x2  
  174  13:31  Roach x3  
  176  13:39  Roach x2  
  176  13:40  Roach  
  178  13:50  Ravager x5  
  177  14:05  Roach x8  
  176  14:11  Overlord  
  176  14:12  Roach  
  176  14:17  Viper x2  
  178  14:35  Viper  
  177  14:41  Hatchery  
  176  14:47  Roach x7  
  176  14:52  Roach  
  192  14:53  Burrow  
  192  15:02  Roach x3  
  194  15:16  Roach x3  
  194  15:17  Overseer  
  194  15:20  Zerg Missile Weapons Level 3  
  198  15:32  Roach  
  196  15:35  Overlord  
  196  15:42  Roach x6  
  190  15:46  Overseer  
  177  15:50  Roach x6  
  169  16:00  Roach x6  
  169  16:02  Overseer  
  181  16:08  Roach x2  
  177  16:24  Drone  
  177  16:25  Drone x5  
  183  16:27  Hydralisk Den  
  183  16:29  Roach x3  
  188  16:57  Drone x2  
  188  16:58  Drone  
  188  16:59  Muscular Augments, Extractor  
  187  17:12  Overseer  
  187  17:15  Hydralisk x6  
  199  17:34  Hydralisk x3  
  195  17:58  Zerg Ground Armor Level 3  
  194  18:00  Hydralisk x2  
  194  18:01  Hydralisk  
  200  18:11  Overlord  
  173  18:22  Hydralisk x4  
  173  18:25  Roach x7  
  173  18:26  Overlord  
  192  18:28  Overseer x2  
  192  18:32  Roach x3, Lurker Den  
  197  18:34  Roach x30  
  197  18:43  Hatchery  
  197  18:47  Roach x2  
  200  18:50  Grooved Spines  
  200  18:54  Roach x30  
  200  19:02  Viper x3  
  195  19:05  Overlord x2  
  198  19:10  Overlord  
  198  19:22  Overlord  
  194  19:28  Overseer x2  
  176  19:38  Roach x3  
  176  19:39  Hydralisk x4, Roach x2  
  176  19:41  Viper x3  
  189  19:52  Hydralisk x3  
  177  20:14  Lurker x2  
  171  20:31  Roach x8  
  170  20:41  Roach x2  
Show
View Real Time Build Order
Export as new Build Order

Serral Zerg - Winner!

Build Orders: Hatch First, Lurkers, Roach Hydra 

Get SALT Encoding   

  12  0:00  Drone  
  13  0:11  Overlord  
  13  0:16  Drone  
  14  0:30  Drone x2  
  16  0:47  Hatchery  
  15  0:51  Drone  
  15  0:53  Drone  
  15  0:57  Drone  
  18  1:07  Extractor  
  17  1:12  Spawning Pool  
  17  1:15  Drone  
  17  1:18  Drone  
  18  1:27  Drone  
  19  1:38  Drone  
  20  1:48  Drone  
  21  1:58  Queen x2  
  21  1:59  Zergling x2  
  21  2:00  Overlord  
  26  2:10  Drone x2  
  26  2:11  Metabolic Boost  
  28  2:21  Zergling x2  
  30  2:22  Drone  
  30  2:32  Hatchery  
  30  2:35  Drone  
  30  2:38  Drone  
  31  2:45  Drone  
  31  2:49  Baneling Nest  
  31  2:50  Overlord  
  31  2:53  Drone  
  31  2:56  Drone  
  33  3:01  Queen  
  33  3:05  Drone  
  36  3:09  Drone x2  
  36  3:11  Zergling x2  
  39  3:15  Overlord  
  39  3:18  Zergling x2  
  40  3:20  Zergling x2  
  40  3:22  Zergling x2  
  40  3:25  Zergling x2  
  40  3:26  Drone  
  44  3:31  Evolution Chamber  
  43  3:36  Drone x2  
  43  3:41  Drone x4  
  49  3:45  Drone  
  49  3:46  Drone  
  49  3:47  Drone  
  52  3:51  Baneling  
  52  3:57  Extractor  
  52  3:58  Roach Warren  
  52  4:00  Zerg Missile Weapons Level 1  
  52  4:01  Drone  
  52  4:02  Drone  
  52  4:07  Overlord  
  52  4:08  Drone  
  53  4:13  Drone x3  
  53  4:16  Overlord  
  56  4:22  Overlord  
  56  4:26  Drone  
  56  4:28  Lair  
  56  4:30  Extractor x2  
  54  4:32  Drone x2  
  56  4:43  Drone x2  
  56  4:44  Roach x3  
  64  4:49  Drone x5  
  64  4:51  Drone  
  69  4:53  Drone x2  
  69  4:54  Drone  
  69  4:56  Drone  
  73  5:00  Overlord  
  73  5:03  Overlord  
  73  5:04  Drone  
  74  5:11  Roach x2  
  78  5:16  Drone x2  
  78  5:19  Drone  
  78  5:20  Drone  
  78  5:21  Drone x6  
  88  5:27  Glial Reconstitution  
  88  5:28  Extractor x2  
  87  5:32  Overseer, Drone  
  87  5:34  Overlord  
  87  5:35  Roach x3  
  91  5:42  Roach  
  93  5:45  Roach  
  93  5:46  Roach  
  93  5:47  Evolution Chamber  
  96  5:54  Overlord x2  
  96  5:55  Overlord x3  
  93  5:57  Roach  
  93  5:58  Roach  
  93  6:02  Roach x3  
  103  6:06  Drone x2  
  103  6:09  Overlord x2  
  105  6:17  Zerg Missile Weapons Level 2  
  105  6:18  Zerg Ground Armor Level 1  
  105  6:21  Roach x3  
  105  6:22  Roach  
  113  6:28  Roach x3  
  121  6:33  Roach x3  
  121  6:39  Hatchery  
  124  6:42  Roach  
  124  6:43  Roach  
  124  6:45  Ravager x4  
  132  6:50  Roach x3  
  138  6:56  Pneumatized Carapace  
  138  6:58  Roach x2  
  138  6:59  Roach  
  144  7:03  Tunneling Claws  
  144  7:04  Burrow  
  144  7:09  Overlord x3  
  144  7:12  Roach x2  
  144  7:13  Overseer  
  148  7:16  Overlord  
  148  7:19  Roach x2  
  152  7:24  Overlord x3  
  152  7:29  Roach, Hydralisk Den  
  153  7:30  Roach  
  153  7:35  Drone x2  
  157  7:39  Roach x3  
  163  7:47  Overlord  
  163  7:50  Roach x5  
  174  7:52  Drone, Hydralisk Den  
  174  7:57  Drone, Queen  
  177  8:02  Roach x3  
  183  8:07  Roach x4  
  191  8:15  Roach x4  
  199  8:22  Grooved Spines  
  195  8:37  Hydralisk x7  
  187  8:43  Hydralisk x3  
  177  8:48  Hydralisk x3  
  177  8:52  Spore Crawler  
  180  8:57  Roach x24  
  180  8:58  Hydralisk x2  
  180  9:00  Spore Crawler x2  
  177  9:07  Hydralisk x4  
  185  9:20  Roach x2  
  185  9:23  Roach x8  
  197  9:28  Spore Crawler  
  196  9:33  Muscular Augments  
  198  9:38  Roach  
  198  9:49  Roach  
  198  9:51  Roach x9  
  194  9:55  Roach x31  
  197  10:02  Roach  
  197  10:05  Extractor  
  197  10:06  Infestation Pit  
  197  10:09  Zerg Ground Armor Level 2  
  197  10:15  Roach x3  
  197  10:16  Overlord x2  
  195  10:25  Roach x2  
  195  10:33  Overlord  
  195  10:35  Ravager x2  
  195  10:38  Hydralisk x14  
  195  10:42  Roach  
  198  10:48  Roach x29  
  178  10:55  Roach x15  
  198  10:57  Hive  
  198  11:00  Lurker Den  
  198  11:02  Roach x38  
  197  11:07  Extractor  
  197  11:11  Drone x3  
  191  11:14  Roach x5  
  198  11:22  Roach x4  
  197  11:28  Roach x2  
  197  11:29  Roach  
  197  11:34  Ravager x2  
  195  11:49  Extractor  
  195  11:51  Hydralisk  
  195  11:52  Drone x3  
  190  11:54  Hydralisk  
  190  11:55  Hydralisk x4  
  192  12:09  Lurker x6  
  192  12:10  Lurker x3  
  192  12:13  Extractor  
  197  12:20  Roach  
  197  12:21  Roach x8  
  196  12:25  Hydralisk x10  
  196  12:27  Seismic Spines  
  196  12:30  Roach x42  
  196  12:35  Extractor  
  195  12:38  Drone x2  
  192  12:59  Hydralisk x4  
  186  13:14  Hydralisk x2  
  186  13:15  Hydralisk x7  
  185  13:24  Hydralisk x3, Adaptive Talons  
  191  13:31  Overlord  
  180  13:53  Hydralisk x5  
  180  14:17  Drone x3  
  176  14:25  Drone x10  
  176  14:28  Hydralisk x2  
  165  14:35  Lurker x10  
  172  14:45  Hydralisk x2  
  174  14:47  Hydralisk x16  
  174  14:48  Hydralisk  
  174  14:50  Hydralisk x16  
  174  14:52  Roach x11  
  176  14:56  Roach x11  
  176  14:58  Hydralisk  
  176  14:59  Hydralisk x2  
  182  15:07  Overseer  
  182  15:11  Hydralisk  
  173  15:21  Hydralisk x5  
  173  15:23  Overseer  
  181  15:33  Viper x2  
  181  15:35  Overseer  
  176  15:46  Viper x2  
  176  15:52  Hydralisk x2  
  178  15:57  Drone x2  
  178  16:03  Drone  
  178  16:08  Overseer  
  178  16:10  Viper  
  181  16:15  Zerg Missile Weapons Level 3  
  178  16:24  Lurker x4  
  170  16:33  Drone x4  
  170  16:37  Hydralisk  
  176  16:50  Hydralisk x3  
  172  17:12  Viper x3  
  181  17:17  Lurker x3  
  181  17:22  Hatchery  
  183  17:24  Overlord x2  
  180  17:37  Hydralisk x2  
  184  17:54  Hydralisk x6  
  196  18:04  Hydralisk  
  196  18:05  Hydralisk x2  
  186  18:19  Hydralisk x4  
  166  18:28  Overseer  
  166  18:32  Lurker x5  
  166  18:33  Lurker  
  172  18:38  Hydralisk x2  
  176  18:45  Hydralisk x2  
  180  18:52  Overlord  
  180  19:04  Drone x5  
  180  19:05  Drone x2  
  187  19:12  Lurker x4  
  189  19:28  Hydralisk x5  
  196  19:32  Extractor  
  196  19:35  Extractor  
  188  19:41  Hydralisk x3  
  192  19:53  Hydralisk x2  
  196  20:16  Spore Crawler  
  196  20:19  Hydralisk x4  
  200  20:25  Hatchery  
  194  20:41  Hydralisk x7  

Tags
 
Add a new tag
Caveats
  • Supply blocks, unpowered buildings, or Contaminate may cause inaccurate times.
  • Supply counts are checked every 10 seconds.